 Dungeon Crawl Stone Soup version 0.29-a0-486-ga88943ba61 (console) character file.

Game seed: 17719561030683354844

337 Banquo the Chopper (level 6, -7/45 HPs)
             Began as a Djinni Gladiator on May 26, 2022.
             Killed by nerve-wracking pain
             ... invoked by an orc priest
              (14 damage)
             ... on level 4 of the Dungeon.
             The game lasted 00:06:48 (3134 turns).

Banquo the Chopper (Djinni Gladiator)               Turns: 3134, Time: 00:06:49

Health: -7/45      AC: 12    Str: 13    XL:     6   Next: 85%
Gold:   251        EV:  4    Int: 11    God:
                   SH:  0    Dex: 15

rFire   + + .      SeeInvis .   a - +0 war axe
rCold   x . .      Faith    .   (no shield)
rNeg    . . .      Spirit   .   h - +0 plate armour
rPois   ∞          Reflect  .   c - +0 helmet
rElec   .          Harm     .   (no cloak)
rCorr   .          Rampage  .   (no gloves)
Will    .....                   (boots unavailable)
Stlth   ..........              (no amulet)
HPRegen 0.15/turn               (no ring)
MPRegen 0.00/turn               (no ring)

@: flying
A: sickness immunity, fire resistance 2, cold vulnerability 1, float, innate
caster, HP casting, extra vitality 1
a: no special abilities


You were on level 4 of the Dungeon.
You visited 1 branch of the dungeon, and saw 4 of its levels.

You collected 251 gold pieces.

Inventory:

Hand Weapons
 a - a +0 war axe (weapon)
 l - a +3 whip
 r - a +2 dagger of venom
 w - a +0 spear
 E - a +0 war axe
Missiles
 d - 3 throwing nets (quivered)
 e - a javelin
 s - 61 stones
 v - 8 poisoned darts
Armour
 b - a +0 leather armour
 c - a +0 helmet (worn)
 h - a +0 plate armour (worn)
Magical Staves
 q - a staff of air
 u - a staff of earth
 y - a staff of fire
Scrolls
 g - 2 scrolls of teleportation {unknown}
 i - a scroll of enchant armour {unknown}
 j - 4 scrolls of identify {unknown}
 k - a scroll of vulnerability {unknown}
 p - 2 scrolls of poison {unknown}
 z - a scroll of blinking {unknown}
 A - a scroll of enchant weapon {unknown}
 D - a scroll of acquirement {unknown}
Potions
 f - 2 potions of might {unknown}
 m - 2 potions of heal wounds {unknown}
 n - a potion of ambrosia {unknown}
 o - a potion of magic {unknown}
 t - a potion of flight {unknown}
 x - a potion of berserk rage {unknown}
 B - a potion of resistance {unknown}
 C - a potion of haste {unknown}


   Skills:
 + Level 2.6 Fighting
 * Level 5.2 Axes
 - Level 1.5 Throwing
 + Level 2.0 Armour
 + Level 3.6 Dodging


You had 2 spell levels left.
You knew the following spells:

 Your Spells              Type           Power      Damage    Failure   Level
a - Freeze                Ice            0%         1d3       100%        1
b - Static Discharge      Conj/Air       0%         N/A       100%        2
Your spell library was empty.


Dungeon Overview and Level Annotations

Branches:
Dungeon (4/15)
 Temple: D:4-7

Altars:

Shops:
D:1 !


Innate Abilities, Weirdness & Mutations

You are immune to sickness and miasma.
You are immune to poison.
Your flesh is very heat resistant. (rF++)
You are vulnerable to cold. (rC-)
You float through the air rather than walking.
You learn spells naturally, not from books.
Your magical power is your life essence.
You have superior vitality. (+4 MHP)


Message History

The orc priest hits you but does no damage. x2
The iguana bites you but does no damage.
You closely miss the iguana.
The iguana is moderately wounded.
You closely miss the orc priest. The iguana closely misses you.
The orc priest invokes the aid of Beogh against you.
Beogh smites you!
You slash the iguana!
You kill the iguana!
You completely miss the orc priest.
The orc priest hits you with a +0 hand axe.
You barely miss the orc priest.
The orc priest is lightly wounded.
The orc priest invokes the aid of Beogh against you.
Beogh smites you!
You are too injured to fight recklessly!
You are too injured to fight recklessly!
You are too injured to fight recklessly!
You are too injured to fight recklessly!
You barely miss the orc priest.
The orc priest is lightly wounded.
The orc priest hits you but does no damage.
You hit the orc priest.
The orc priest is heavily wounded.
The orc priest looks braver for a moment.
The orc priest calls down the wrath of Beogh upon you.
Beogh smites you!
* * * LOW HITPOINT WARNING * * *
You hit the orc priest but do no damage.
The orc priest is heavily wounded.
The orc priest barely misses you.
You hit the orc priest.
The orc priest is severely wounded.
The orc priest hits you with a +0 hand axe.
* * * LOW HITPOINT WARNING * * *
You closely miss the orc priest.
The orc priest is severely wounded.
The orc priest mumbles some strange prayers to Beogh against you.
Pain shoots through your body!
You die...

....†........#
#.####.♣
.............# .#
..)
.............#####.#
#P..P ######.#<#####
....# ♣P.P #.###
#... ♣P #.# #..# #.#
#..# #.. ##+#<.#+###
##. #..[@.[...#
#..o......#
.####.........#
..............#
..#...........#
#....##........
#$..# #........ #...
##....... .....
.......


You could see an orc priest.

Vanquished Creatures
  2 necrophages (D:4)
  A scorpion (D:3)
  An iguana (D:4)
  An orc wizard (D:3)
  4 adders
  A worm (D:3)
  A dart slug (D:2)
  3 orcs
  13 ball pythons
  3 endoplasms
  2 giant cockroaches (D:1)
  9 goblins
  4 hobgoblins
  4 quokkas
  9 bats
  2 frilled lizards
  6 kobolds
  4 rats
70 creatures vanquished.

Vanquished Creatures (others)
  A plant (D:2)
1 creature vanquished.

Grand Total: 71 creatures vanquished

Notes
Turn   | Place    | Note
-------+----------+-------------------------------------------
     0 | D:1      | Banquo the Djinni Gladiator began the quest for the Orb.
     0 | D:1      | Reached XP level 1. HP: 18/18 MP: 0/0
   137 | D:1      | Reached XP level 2. HP: 22/23 MP: 0/0
   344 | D:1      | Found a faded altar of an unknown god.
   438 | D:1      | Found Sedud's Distillery.
   445 | D:1      | Reached skill level 3 in Axes
   685 | D:2      | Reached XP level 3. HP: 28/28 MP: 0/0
   685 | D:2      | Learned a level 1 spell: Freeze
  1242 | D:2      | Reached XP level 4. HP: 28/33 MP: 0/0
  1730 | D:3      | Noticed a scorpion
  1736 | D:3      | Killed a scorpion
  1737 | D:3      | Reached skill level 4 in Axes
  1737 | D:3      | Reached skill level 1 in Armour
  1737 | D:3      | Reached XP level 5. HP: 31/38 MP: 0/0
  1737 | D:3      | Learned a level 2 spell: Static Discharge
  2634 | D:4      | Reached XP level 6. HP: 4/45 MP: 0/0
  3090 | D:3      | Reached skill level 5 in Axes
  3134 | D:4      | Killed from afar by an orc priest

Illustrated notes

Levels and vault maps discovered:
D:1:      amcnicky_arrival_feature_with_door, layout_rooms, serial_shops, shop,
          shapermc_ecumenical_altar_mp_ritualfount, minmay_misc_feat_diagonals
D:2:      layout_rooms, minmay_shallow_snake_nest
D:3:      layout_loops_ring, minmay_ruptured
D:4:      layout_basic, grunt_temple_overflow_order_and_chaos_2,
          mainiacjoe_overflow_catwalk, kennysheep_slug_shrine, serial_forest,
          infiniplex_forest_end_2, infiniplex_forest_straight_5,
          infiniplex_forest_clump_small, infiniplex_forest_diagonal,
          infiniplex_forest_pool, infiniplex_forest_lined_ring,
          infiniplex_forest_pool, infiniplex_forest_lined_2, serial_shops,
          nicolae_diamond_shop, minmay_cupped

Skill      XL: |  1  2  3  4  5  6 |
---------------+-------------------+-----
Axes           | 3 4 5 |  5.2
Armour         | 1 2 |  2.0
Fighting       | |  2.6
Throwing       | |  1.5
Dodging        | |  3.6

Action                   |  1- 3 |  4- 6 || total
-------------------------+-------+-------++-------
Melee: War axe           |    98 |   135 ||   233
       Punch             |       |     1 ||     1
Armor: Plate armour      |   143 |   107 ||   250
       Leather armour    |     1 |       ||     1
Dodge: Dodged            |    28 |    24 ||    52

Table legend: (Time is in decaauts)
 A = Elapsed time spent in this place.
 B = Non-inter-level travel time spent in this place.
 C = Inter-level travel time spent in this place.
 D = Time resting spent in this place.
 E = Time spent auto-exploring this place.
 F = Levels seen in this place.
 G = Mean time per level.
                   A        B        C        D        E       F      G
               +--------+--------+--------+--------+--------+-----+--------+
         Total |   3207 |   2835 |    372 |    489 |   1718 |   4 |  801.8 |
       Dungeon |   3207 |   2835 |    372 |    489 |   1718 |   4 |  801.8 |
               +--------+--------+--------+--------+--------+-----+--------+

Top non-repeatable levels by time:
     D:3: 1281 daAuts
     D:2: 1050 daAuts
     D:1: 712 daAuts
     D:4: 163 daAuts
